 Dungeon Crawl Stone Soup version 0.29-a0-72-g1732ff48e7 (webtiles) character file.

Game seed: 11918408833897036831

116839 HallandMoats the Warrior (level 16, -10/152 HPs)
             Began as a Ghoul Monk on Feb 4, 2022.
             Was the Champion of Qazlal.
             Killed from afar by a fire giant (17 damage)
             ... with a fireball
             ... on level 15 of the Dungeon.
             The game lasted 00:51:08 (35466 turns).

HallandMoats the Warrior (Ghoul Monk)              Turns: 35466, Time: 00:51:08

Health: -10/152    AC: 15    Str: 27    XL:     16   Next: 72%
Magic:  27/27      EV: 13    Int: 13    God:    Qazlal [******]
Gold:   2668       SH: 13    Dex: 11    Spells: 15/15 levels left

rFire   + + +      SeeInvis .     - Unarmed
rCold   + . .      Faith    .   (no shield)
rNeg    + + +      Spirit   .   Q - +0 fire dragon scales
rPois   ∞          Reflect  +   l - +0 hat {Will+}
rElec   +          Harm     .   m - +0 cloak
rCorr   +          Rampage  .   (no gloves)
Will    ++...                   w - +1 pair of boots of Apathy {rElec rF+}
Stlth   ..........              k - amulet of reflection
HPRegen 0.00/turn               D - ring of resist corrosion
MPRegen 0.20/turn               F - ring of Wubeth {rF- rC+ Str+6 Int+6 Slay+3}

@: protected from fire, inhibited regen, studying Polearms, repel missiles
A: claws 1, cold resistance 1, negative energy resistance 3, inhibited
regeneration, torment resistance 2
a: Renounce Religion, Upheaval, Elemental Force, Disaster Area


You were on level 15 of the Dungeon.
You worshipped Qazlal.
Qazlal was exalted by your worship.
You visited 4 branches of the dungeon, and saw 24 of its levels.
You also visited: Gauntlet.

You collected 2920 gold pieces.
You spent 252 gold pieces at shops.

Inventory:

Missiles
 S - 2 throwing nets (quivered)
Armour
 b - a +2 chain mail of cold resistance
 l - a +0 hat of willpower (worn)
 m - a +0 cloak (worn)
 n - a +0 kite shield
 w - the +1 pair of boots of Apathy (worn) {rElec rF+}
   (You found it in a Gauntlet)

   rF:        It protects you from fire.
   rElec:     It insulates you from electricity.
 Q - +0 fire dragon scales (worn)
 T - a +2 pair of gloves
Jewellery
 j - a +4 ring of evasion
 k - an amulet of reflection (around neck)
 p - a ring of fire
 v - a ring of willpower
 D - a ring of resist corrosion (left claw)
 F - the ring of Wubeth (right claw) {rF- rC+ Str+6 Int+6 Slay+3}
   (You found it on level 14 of the Dungeon)

   [ring of intelligence]

   Str:       It affects your strength (+6).
   Int:       It affects your intelligence (+6).
   Slay:      It affects your accuracy & damage with ranged weapons and melee
   (+3).
   rF:        It makes you vulnerable to fire.
   rC:        It protects you from cold.
 J - a ring of ice
Wands
 c - a wand of mindburst (6)
 o - a wand of digging (10)
 r - a wand of paralysis (11)
 y - a wand of iceblast (14)
 P - a wand of charming (10)
 U - a wand of flame (20)
Scrolls
 d - 7 scrolls of teleportation
 f - 7 scrolls of enchant armour
 q - a scroll of fog
 x - a scroll of amnesia
 G - 2 scrolls of summoning
 H - a scroll of torment
 L - 4 scrolls of brand weapon
 N - 5 scrolls of immolation
 O - 2 scrolls of enchant weapon
 R - 3 scrolls of magic mapping
 V - a scroll of silence
 W - 2 scrolls of identify
Potions
 a - 3 potions of invisibility {unknown}
 e - 2 potions of curing
 g - 7 potions of ambrosia
 h - 2 potions of attraction {unknown}
 i - 3 potions of might
 t - 4 potions of mutation {unknown}
 u - 5 potions of magic
 z - 2 potions of heal wounds {unknown}
 A - 3 potions of flight {unknown}
 C - 4 potions of berserk rage
 E - 2 potions of resistance {unknown}
 I - 3 potions of cancellation {unknown}
 K - a potion of experience {unknown}
Miscellaneous
 B - a phantom mirror
 Y - a box of beasts


   Skills:
 * Level 16.6 Fighting
 + Level 9.7 Armour
 + Level 10.2 Dodging
 - Level 2.1 Stealth
 + Level 0.2 Shields
 * Level 16.5 Unarmed Combat
 * Level 16.3 Invocations


You had 15 spell levels left.
You didn't know any spells.
Your spell library contained the following spells:

 Spells                   Type           Power      Damage    Failure   Level
 Sandblast                Erth           0%         2d4       56%         1
 Shock                    Conj/Air       0%         1d3       56%         1
 Summon Small Mammal      Summ           0%         N/A       56%         1
 Blink                    Tloc           0%         N/A       71%         2
 Ensorcelled Hibernation  Hex/Ice        0%         N/A       71%         2
 Passwall                 Tmut/Erth      0%         N/A       71%         2
 Call Canine Familiar     Summ           0%         N/A       90%         3
 Gell's Gravitas          Tloc           0%         N/A       90%         3
 Lesser Beckoning         Tloc           0%         N/A       90%         3
 Portal Projectile        Hex/Tloc       0%         N/A       90%         3
 Stone Arrow              Conj/Erth      0%         3d7       90%         3
 Summon Guardian Golem    Hex/Summ       0%         N/A       90%         3
 Swiftness                Air            0%         N/A       90%         3
 Airstrike                Air            0%         N/A       100%        4
 Anguish                  Hex/Necr       0%         N/A       100%        4
 Summon Ice Beast         Ice/Summ       0%         N/A       100%        4
 Alistair's Intoxication  Tmut/Pois      0%         N/A       100%        5
 Borgnjor's Vile Clutch   Necr/Erth      0%         N/A       100%        5
 Excruciating Wounds      Necr           0%         N/A       100%        5
 Manifold Assault         Tloc           0%         N/A       100%        5
 Summon Forest            Summ/Tloc      0%         N/A       100%        5
 Summon Mana Viper        Hex/Summ       0%         N/A       100%        5
 Eringya's Noxious Bog    Tmut/Pois      0%         N/A       100%        6
 Monstrous Menagerie      Summ           0%         N/A       100%        7
 Spider Form              Tmut/Pois      Unusable   N/A       N/A         3
 Blade Hands              Tmut           Unusable   N/A       N/A         5
 Statue Form              Tmut/Erth      Unusable   N/A       N/A         6

Dungeon Overview and Level Annotations

Branches:
Dungeon (15/15)            Temple (0/1) D:6            Lair (6/6) D:11
 Shoals (0/4) Lair:2        Snake (0/4) Lair:3        Slime (0/5) Lair:6
    Orc (2/2) D:12            Elf (0/3) Orc:2        Vaults (0/5) D:14
 Depths (1/4) D:15        Gauntlet (visited)

Altars:
Elyvilon
Fedhas
Gozag
Okawaru
Qazlal
Ru
Trog
Xom
Yredelemnul
Zin
The Shining One
Beogh
Jiyva

Shops:
D:5 :**   D:11 [   D:13 =   Orc:1 (   Orc:2 ([*


Innate Abilities, Weirdness & Mutations

You thrive by killing the living.
You are immune to poison.
You have sharp fingernails.
Your flesh is cold resistant. (rC+)
You are immune to negative energy. (rN+++)
You do not regenerate when monsters are visible.
You are immune to unholy pain and torment.


Message History

The fire giant hits you with a +0 great sword of flaming!
* * * LOW HITPOINT WARNING * * *
You feel more protected from physical attacks.
Your resistance to physical damage fades away.
You feel protected from fire. The fire giant burns you.
* * * LOW HITPOINT WARNING * * *
The rakshasa hits you with a +0 whip.
* * * LOW HITPOINT WARNING * * *
Your resistance to fire fades away.
You feel protected from physical attacks.
You climb upwards.
Welcome back to the Dungeon!
There is a staircase to the Depths here.
Unknown command.
Unknown command.
Unknown command.
You are too confused!
You feel better.
The fire giant hits you with a +0 great sword of flaming!
* * * LOW HITPOINT WARNING * * *
You feel more protected from physical attacks.
The fire giant burns you.
* * * LOW HITPOINT WARNING * * *
The rakshasa hits you with a +0 whip!
* * * LOW HITPOINT WARNING * * *
You feel more protected from physical attacks.
Unknown command.
Unknown command.
Unknown command.
As you read the scroll of fear, it crumbles to dust.
You assume a fearsome visage.
The rakshasa looks frightened!
The fire giant looks frightened!
The rakshasa blinks!
The rakshasa blinks!
There is an open door here.
The rakshasa seems to regain its courage.
The fire giant points at you and mumbles some strange words.
The fireball explodes!
The fireball engulfs you! You resist.
Your resistance to physical damage fades away.
You feel protected from fire.
You die...

.## ##......#...#
..###.....!.##..#
................###
..#...##....<.....#
.####†##..[######)####
## #.##....##≈≈...≈≈#
# #..##...##≈..#..≈# #
#..##....#.#.#§#.# #
#..##....#.§@≈.○.#
#####...#....#.≈...§R#
...##........#.○..§≈.#
...........#.#.##'##.#
###..###..####C#.§.#.#
#.....##..# #.#.>.#.#
......(<.## #C'...'§#
..##.....#
#############
#####...## #..#.....##


You could see a fire giant and a rakshasa.

Vanquished Creatures
  A sphinx (D:14)
  Gastronok (D:8)
  A fire giant (D:14)
  An orc warlord (D:13)
  2 stone giants
  A spark wasp (Depths:1)
  A minotaur (Gauntlet)
  2 ettins (Orc:2)
  Snorg (D:11)
  2 fire dragons
  Harold (D:9)
  2 vault guards (D:14)
  Fannar (D:11)
  2 boulder beetles
  The ghost of blackman the Cleaver, a journeyman HuDe of Zin (Lair:2)
  A ghost crab (Gauntlet)
  11 hydras
  A catoblepas (D:13)
  A death knight (D:15)
  2 centaur warriors
  A death yak (Lair:2)
  5 two-headed ogres
  Erica (D:8)
  An orc high priest (Orc:1)
  2 tengu warriors (D:15)
  A skeletal warrior (D:15)
  A fire crab (Lair:5)
  A sixfirhy (Gauntlet)
  An obsidian statue (Gauntlet)
  A wizard (Depths:1)
  Pikel (D:5)
  A lindwurm (Lair:6)
  2 necromancers (D:14)
  An orc knight (D:14)
  A phantasmal warrior (D:14)
  16 ugly things
  An orc sorcerer (Orc:1)
  5 slime creatures
  15 cyclopes
  3 manticores
  4 elephants (Lair:6)
  3 merfolk sirens (Lair:2)
  8 black mambas
  10 torpor snails
  17 cane toads
  2 gargoyles
  3 efreet
  A rime drake (Lair:6)
  7 komodo dragons
  5 freezing wraiths
  An ice devil (Gauntlet)
  A tengu conjurer (D:13)
  A yaktaur (shapeshifter) (D:13)
  A queen bee (Lair:2)
  A tyrant leech (shapeshifter) (D:11)
  21 blink frogs
  9 trolls
  A merfolk (Lair:2)
  Prince Ribbit (D:8)
  4 tyrant leeches (Lair:6)
  6 hornets (Lair:6)
  13 polar bears
  2 raiju (Lair:6)
  Grinder (D:4)
  5 dream sheep
  A centaur simulacrum (D:14)
  A spriggan (Lair:5)
  3 wraiths
  Sigmund (D:3)
  A vampire (D:12)
  2 wyverns
  2 steam dragons
  33 yaks
  3 basilisks
  5 vampire mosquitoes
  21 humans
  3 redbacks (D:15)
  12 wargs
  An acid dragon (D:12)
  13 hell hounds (Lair:6)
  19 orc warriors
  26 water moccasins
  2 ice beasts
  12 black bears
  5 ogres
  4 necrophages
  41 wolves
  A phantom (D:4)
  A centaur (D:11)
  4 lemures (D:5)
  2 kobold brigands
  12 bullfrogs
  A gnoll sergeant (D:4)
  2 wyvern zombies
  2 scorpions
  9 wights
  24 killer bees (Lair:2)
  An electric eel (Lair:1)
  3 howler monkeys
  7 centaur zombies
  A hound (D:4)
  4 jellies
  10 orc priests
  A human zombie (D:5)
  A centaur skeleton (D:7)
  Crazy Yiuf (D:3)
  Jessica (D:2)
  2 bullfrog skeletons
  Ijyb (D:3)
  4 iguanas
  19 orc wizards
  4 hell rats (Lair:3)
  A mummy (D:8)
  A spectral howler monkey (D:7)
  4 gnolls
  2 howler monkey skeletons
  10 adders
  3 river rats (Lair:3)
  A shadow imp (D:5)
  2 howler monkey simulacra (D:7)
  5 white imps
  6 ufetubi
  3 dart slugs
  53 orcs
  2 bats
  8 endoplasms
  3 giant cockroaches
  11 goblins
  12 hobgoblins
  3 jackals (D:1)
  12 kobolds
  4 quokkas
  7 ball pythons
  2 frilled lizards
  2 goblin skeletons (D:5)
  9 rats
720 creatures vanquished.

Vanquished Creatures (collateral kills)
  A minotaur (Lair:2)
  An ettin (Orc:2)
  A hydra (Lair:2)
  A death knight (D:14)
  3 two-headed ogres
  A deep troll earth mage (D:14)
  Sonja (D:11)
  The ghost of axecop the Fighter, a novice DsWn of Okawaru (D:7)
  An ugly thing (D:14)
  2 cyclopes (Orc:2)
  A centaur zombie (D:10)
  A cane toad (Lair:2)
  A hornet (D:10)
  A shadow (D:11)
  A yak (D:11)
  A basilisk (Lair:1)
  An ice beast (D:8)
  2 orc wizards (D:9)
  2 howler monkey skeletons (D:7)
  3 orcs
  An endoplasm (D:8)
28 creatures vanquished.

Vanquished Creatures (others)
  An orc (Orc:2)
  2 kobolds (D:8)
  A bush (Depths:1)
  A demonic plant (Gauntlet)
  31 fungi
  47 plants
  2 withered plants (D:8)
85 creatures vanquished.

Grand Total: 833 creatures vanquished

Notes
Turn   | Place    | Note
-------+----------+-------------------------------------------
     0 | D:1      | HallandMoats the Ghoul Monk began the quest for the Orb.
     0 | D:1      | Reached XP level 1. HP: 19/19 MP: 0/0
   338 | D:1      | Reached XP level 2. HP: 26/26 MP: 1/1
   422 | D:1      | Reached skill level 1 in Invocations
   636 | D:1      | Reached XP level 3. HP: 31/31 MP: 2/2
   773 | D:1      | Found a faded altar of an unknown god.
   937 | D:1      | Prayed at the altar of an unknown god.
   937 | D:1      | Became a worshipper of Qazlal Stormbringer
   937 | D:1      | Reached * piety under Qazlal
   937 | D:1      | Reached ** piety under Qazlal
  1375 | D:2      | Reached *** piety under Qazlal
  1460 | D:2      | Reached XP level 4. HP: 40/40 MP: 4/4
  1536 | D:2      | Reached skill level 1 in Armour
  1587 | D:2      | Noticed Jessica
  1591 | D:2      | Killed Jessica
  1792 | D:3      | Noticed Sigmund
  1822 | D:2      | Reached XP level 5. HP: 30/46 MP: 5/5
  2182 | D:3      | Killed Sigmund
  2183 | D:3      | Reached XP level 6. HP: 41/53 MP: 5/7
  2373 | D:3      | Found a runed translucent door.
  2374 | D:3      | Noticed Crazy Yiuf
  2507 | D:3      | Noticed Ijyb
  2536 | D:3      | Killed Ijyb
  3152 | D:3      | Killed Crazy Yiuf
  3243 | D:4      | Reached **** piety under Qazlal
  3445 | D:4      | Reached skill level 5 in Fighting
  3445 | D:4      | Reached skill level 5 in Unarmed Combat
  3445 | D:4      | Reached XP level 7. HP: 54/61 MP: 8/8
  3522 | D:4      | Noticed Grinder
  3539 | D:4      | Killed Grinder
  4153 | D:4      | Reached XP level 8. HP: 70/70 MP: 10/10
  4189 | D:5      | Entered Level 5 of the Dungeon
  4189 | D:5      | Found a runed translucent door.
  4195 | D:5      | Found a basalt altar of Yredelemnul.
  4246 | D:5      | Reached skill level 5 in Invocations
  4411 | D:5      | Found Tynniad's Specific Store.
  4416 | D:5      | Found Avuzofas's General Store.
  4420 | D:5      | Found an iron altar of Okawaru.
  4536 | D:5      | Found an opulent altar of Gozag.
  4572 | D:5      | Identified the +9 falchion of the Viper {drain, Fragile rF+
                  | rC+ Int+5}
  4703 | D:5      | Identified the +1 robe "Keisas Ewi" {+Blink rElec Will+}
  4760 | D:5      | Noticed Pikel
  4810 | D:5      | Killed Pikel
  4811 | D:5      | Reached XP level 9. HP: 29/79 MP: 12/12
  5122 | D:5      | Found a blossoming altar of Fedhas.
  5136 | D:5      | Found Ohyjiry's Book Shoppe.
  5565 | D:6      | Found a staircase to the Ecumenical Temple.
  6159 | D:7      | Found a runed translucent gate.
  6159 | D:7      | Found a runed translucent gate.
  6159 | D:7      | Found a runed translucent gate.
  6165 | D:7      | Noticed axecop's ghost (novice DsWn)
  6738 | D:7      | Reached skill level 5 in Dodging
  7190 | D:7      | Killed axecop's ghost
  7191 | D:7      | Reached XP level 10. HP: 15/90 MP: 8/14
  7518 | D:8      | Noticed a two-headed ogre
  7525 | D:8      | Killed a two-headed ogre
  7838 | D:8      | Noticed Prince Ribbit
  7847 | D:8      | Noticed Erica
  8390 | D:8      | Killed Erica
  8423 | D:8      | Killed Prince Ribbit
  8427 | D:8      | Noticed Gastronok
  8444 | D:8      | Killed Gastronok
  8445 | D:8      | Reached skill level 5 in Armour
  8445 | D:8      | Reached XP level 11. HP: 93/99 MP: 11/16
  9195 | D:8      | Found a shimmering altar of Xom.
  9347 | D:9      | Noticed a two-headed ogre
  9354 | D:9      | Killed a two-headed ogre
  9355 | D:9      | Reached skill level 10 in Unarmed Combat
  9357 | D:9      | Reached skill level 10 in Fighting
  9422 | D:9      | Noticed Harold
  9453 | D:9      | Killed Harold
  9982 | D:9      | Found a stormy altar of Qazlal.
 10209 | D:10     | Entered Level 10 of the Dungeon
 10217 | D:10     | Noticed a two-headed ogre
 10225 | D:10     | Killed a two-headed ogre
 10265 | D:10     | Noticed a two-headed ogre
 10266 | D:10     | Noticed a two-headed ogre
 10271 | D:10     | Killed a two-headed ogre
 10275 | D:10     | Killed a two-headed ogre
 10276 | D:10     | Reached skill level 10 in Invocations
 10332 | D:10     | Noticed a centaur warrior
 10345 | D:10     | Killed a centaur warrior
 10565 | D:10     | Reached XP level 12. HP: 96/110 MP: 18/18
 10771 | D:10     | Found a sacrificial altar of Ru.
 10927 | D:10     | You fall into a shaft and drop 3 floors!
 11123 | D:13     | Found Koat's Jewellery Emporium.
 11651 | D:11     | Found Ossust's Antique Armour Emporium.
 11655 | D:11     | Noticed a fire dragon
 11666 | D:11     | Killed a fire dragon
 11667 | D:11     | Found a staircase to the Lair.
 11894 | D:11     | Noticed Sonja
 11903 | D:11     | Killed Sonja
 12019 | D:11     | Noticed Snorg
 12076 | D:11     | Killed Snorg
 12365 | D:11     | Noticed Fannar
 12393 | D:11     | Killed Fannar
 13135 | D:11     | Noticed a two-headed ogre
 13147 | D:11     | Killed a two-headed ogre
 13992 | D:12     | Noticed a boulder beetle
 14276 | Lair:1   | Entered Level 1 of the Lair of Beasts
 14770 | Lair:1   | Noticed a six-headed hydra
 14779 | Lair:1   | Killed a six-headed hydra
 14926 | Lair:1   | Noticed a four-headed hydra
 14939 | Lair:1   | Killed a four-headed hydra
 15298 | Lair:1   | Reached XP level 13. HP: 112/118 MP: 20/20
 15793 | Lair:2   | Found a runed translucent gate.
 15793 | Lair:2   | Found a runed translucent gate.
 15793 | Lair:2   | Found a runed translucent gate.
 15800 | Lair:2   | Noticed a minotaur
 15821 | Lair:2   | Noticed blackman's ghost (journeyman HuDe)
 16817 | Lair:2   | HP: 4/119 [wolf (5)]
 18494 | Lair:2   | Found a staircase to the Shoals.
 19425 | Lair:2   | Killed blackman's ghost
 19442 | Lair:2   | Killed a minotaur
 19793 | Lair:3   | Reached XP level 14. HP: 119/129 MP: 22/22
 20011 | Lair:3   | Found a staircase to the Snake Pit.
 20015 | Lair:3   | Identified the +1 robe of Generosity {Int+4}
 20020 | Lair:3   | Reached ***** piety under Qazlal
 21564 | Lair:5   | Found a gate leading to a gauntlet.
 21577 | Gauntlet | Entered a Gauntlet
 21577 | Gauntlet | Found a transporter.
 21787 | Gauntlet | Found a transporter.
 21790 | Gauntlet | Found a transporter.
 21791 | Gauntlet | Found a transporter.
 21799 | Gauntlet | Found a transporter.
 21802 | Gauntlet | Found a transporter.
 21803 | Gauntlet | Found a transporter.
 21811 | Gauntlet | Found a transporter.
 21814 | Gauntlet | Found a transporter.
 21815 | Gauntlet | Found a transporter.
 21819 | Gauntlet | Found a runed translucent door.
 21821 | Gauntlet | Found a runed translucent door.
 21823 | Gauntlet | Found a transporter.
 21826 | Gauntlet | Found a transporter.
 21827 | Gauntlet | Found a transporter.
 21838 | Gauntlet | Found a transporter.
 22524 | Gauntlet | Identified the +0 pair of boots "Houkk" {-Tele Harm rF+
                  | Regen+}
 22575 | Gauntlet | Identified the +1 pair of boots of Apathy {rElec rF+}
 24006 | Lair:6   | Entered Level 6 of the Lair of Beasts
 24699 | Lair:6   | Found a viscous altar of Jiyva.
 24894 | Lair:6   | Found a staircase to the Slime Pits.
 25036 | Lair:6   | Reached XP level 15. HP: 139/139 MP: 24/24
 25456 | Lair:6   | Reached ****** piety under Qazlal
 25978 | Lair:6   | Reached skill level 15 in Fighting
 26021 | Lair:6   | Found a runed translucent door.
 26068 | Lair:6   | Reached skill level 15 in Unarmed Combat
 27508 | D:12     | Found a staircase to the Orcish Mines.
 28206 | D:13     | Reached skill level 15 in Invocations
 28976 | D:14     | Noticed a sphinx
 29001 | D:14     | Killed a sphinx
 29030 | D:14     | Noticed an orc warlord
 29348 | D:13     | Identified a scroll of acquirement
 29349 | D:13     | Acquired a manual of Polearms
 29373 | D:13     | Killed an orc warlord
 29487 | D:14     | Noticed a fire giant
 29516 | D:14     | HP: 2/141 [fire giant/fireball (11)]
 29935 | D:14     | Killed a fire giant
 30356 | D:14     | Identified the ring of Wubeth {rF- rC+ Str+6 Int+6 Slay+3}
 30359 | D:14     | Got the Collected Works on Twisted Shape Shifting
 31026 | D:14     | Reached XP level 16. HP: 138/151 MP: 26/26
 31177 | D:14     | Found a gate to the Vaults.
 31734 | D:15     | Entered Level 15 of the Dungeon
 33662 | D:15     | Reached skill level 10 in Dodging
 33680 | D:15     | Found a staircase to the Depths.
 33774 | Orc:1    | Entered Level 1 of the Orcish Mines
 33862 | Orc:1    | Found a bloodstained altar of Trog.
 34343 | Orc:1    | Found Icwer's Weapon Boutique.
 34483 | Orc:2    | Entered Level 2 of the Orcish Mines
 34519 | Orc:2    | Found Cugadghuh's Antique Weapon Boutique.
 34778 | Orc:2    | Found Aroega's General Store.
 34840 | Orc:2    | Found Pienn's Book Boutique.
 34966 | Orc:2    | Found a staircase to the Elven Halls.
 34991 | Orc:2    | Found Lefomol's Antique Armour Emporium.
 35311 | Orc:2    | Bought a smoking leather armour for 252 gold pieces
 35311 | Orc:2    | Identified the +0 leather armour "Ockeduac" {Rampage rC+
                  | Int+3 SInv} (You bought it in a shop on level 2 of the
                  | Orcish Mines)
 35432 | Depths:1 | Entered Level 1 of the Depths
 35460 | D:15     | HP: 6/152 [rakshasa (9)]
 35466 | D:15     | Killed from afar by a fire giant

Illustrated notes

Levels and vault maps discovered:
D:1:      heliophobic_arrival_battle_scene, layout_basic,
          shapermc_ecumenical_altar_mp_ritualfount
D:2:      layout_loops_corners, uniq_jessica
D:3:      layout_loops_ring, mainiacjoe_overflow_six_doors_small,
          amethyst_killhole, uniq_sigmund, uniq_ijyb, uniq_crazy_yiuf_cottage
D:4:      layout_cave_pools, lightli_minifort, uniq_grinder
D:5:      layout_loops_cross, dk_yredelemnul_ordeal, grunt_gozag_breadcrumbs,
          okawaru_metal_pillars_1_2, lemuel_coloured_pillars_altar,
          mainiacjoe_overflow_alcove_1, serial_shops, kennysheep_mini_moat,
          nicolae_specific_store, minivault_11, chequers_serial_rivers_micro_e,
          uniq_pikel
D:6:      layout_loops_ring, minmay_temple_entry_tees, serial_bayou_pond_a
D:7:      layout_loops_ring, gammafunk_ghost_necromancy, nrook_campfire
D:8:      layout_loops_corners, tgw_xom, serial_undead, serial_undead_e,
          serial_undead_c, serial_undead_b, serial_undead_f, serial_undead_e,
          serial_undead_e, uniq_prince_ribbit1, uniq_erica, uniq_gastronok
D:9:      layout_long_grid, mainiacjoe_overflow_surrounded_room,
          kennysheep_crisscross, kennysheep_cross_room, uniq_harold
D:10:     layout_long_grid, zin_scriptorium, nicolae_ru_great_annihilating_truth
D:11:     layout_layer_cave, minmay_lair_entry_lava, serial_shops,
          nicolae_shop_crystal, uniq_snorg, uniq_sonja, uniq_fannar
D:12:     layout_cave_pods, david_orc_2
D:13:     layout_basic, serial_shops, nicolae_lakefront_shop,
          lemuel_flame_loot_1
D:14:     layout_roguey, grunt_vaults_entry_tiered, serial_park_tiny_2,
          grunt_ministairs_4, minmay_radiant
D:15:     grunt_enter_depths_snipers, layout_layer_cave
Lair:1:   layout_cave_pods, chequers_serial_rivers_small_a, ldierk_geyser,
          serial_bayou_ford_a
Lair:2:   layout_layer_cave, elwin_shoals_entry_rooms, special_room
          [special_room_bee], maelrawn_ghost_gauntlet_escape, minivault_24,
          grunt_megastairs_1
Lair:3:   layout_cave_pods, minmay_snake_entry_six_corridors,
          chequers_serial_rivers_micro_a, kennysheep_abandoned_house
Lair:4:   layout_misc_corridors
Lair:5:   beast_lair_carwin_large_2, layout_hall_layers, gauntlet_entry_generic,
          grunt_forest_large_clearing_hut
Lair:6:   hangedman_lair_caniforms_friends, layout_regular_city, wormcave,
          slime_altar_1, grunt_megastairs_2, lemuel_fruit_tree
Orc:1:    layout_diamond_mine, basic_altar, serial_shops,
          nicolae_shop_bloodbath_and_beyond, mines5_lemuel
Orc:2:    grunt_orc_gardens, layout_diamond_mine, grunt_orc_garden,
          grunt_orc_garden, grunt_orc_garden, grunt_orc_garden,
          nicolae_orc_lost_temple
Depths:1: layout_gridlike, enter_ziggurat_e, pf_vacation_house_of_asmodeus,
          rand_demon_pan_entry_7, nicolae_elyvilon_peaceful_grove,
          fedhas_altar_1, kennysheep_random_hallway

Skill      XL: |  1  2  3  4  5  6  7  8  9 10 11 12 13 14 15 16 |
---------------+-------------------------------------------------+-----
Invocations    | 1 2 3 4 6 7 9 10 11 13 14 15 16 | 16.3
Dodging        | 3 4 5 6 7 8 9 10 | 10.2
Armour         | 1 2 3 4 5 6 7 8 9 |  9.7
Fighting       | 4 5 7 8 9 11 12 13 14 15 16 | 16.6
Unarmed Combat | 4 5 7 8 9 11 12 13 14 15 16 | 16.5
Stealth        | |  2.1
Shields        | |  0.2

Action                   |  1- 3 |  4- 6 |  7- 9 | 10-12 | 13-15 | 16-18 || total
-------------------------+-------+-------+-------+-------+-------+-------++-------
Melee: Unarmed           |   100 |   142 |   325 |   461 |  1391 |   411 ||  2830
       Punch             |       |     3 |    14 |    40 |   146 |    44 ||   247
Throw: Throwing net      |       |       |       |     2 |     1 |       ||     3
Invok: Elemental Force   |       |       |     1 |     8 |     4 |     2 ||    15
       Disaster Area     |       |       |       |       |       |     1 ||     1
  Use: Scroll            |       |     6 |       |       |    25 |     1 ||    32
       Potion            |       |       |       |       |     9 |     1 ||    10
 Stab: Sleeping          |     2 |       |       |       |       |       ||     2
       Invisible         |       |     1 |       |     1 |       |       ||     2
       Held in net/web   |       |       |       |     2 |     1 |       ||     3
       Paralysed         |       |       |       |     3 |       |       ||     3
       Distracted        |       |       |       |       |     1 |       ||     1
Armor: Ring mail         |    23 |    34 |    61 |    94 |   237 |       ||   449
       Robe              |     1 |       |       |       |       |       ||     1
       Fire dragon scale |       |       |       |       |    61 |   107 ||   168
Dodge: Dodged            |    46 |    67 |    85 |   182 |   605 |   153 ||  1138
       Repelled          |       |       |       |     6 |     6 |     1 ||    13
Block: Other             |     4 |    33 |   103 |   167 |   701 |   240 ||  1248
       Reflection        |       |       |       |     9 |     9 |    10 ||    28

Table legend: (Time is in decaauts)
 A = Elapsed time spent in this place.
 B = Non-inter-level travel time spent in this place.
 C = Inter-level travel time spent in this place.
 D = Time resting spent in this place.
 E = Time spent auto-exploring this place.
 F = Levels seen in this place.
 G = Mean time per level.
                   A        B        C        D        E       F      G
               +--------+--------+--------+--------+--------+-----+--------+
         Total |  34836 |  33214 |   1622 |   6115 |  21607 |  25 | 1393.4 |
       Dungeon |  20907 |  19695 |   1212 |   3746 |  13068 |  15 | 1393.8 |
          Lair |  11212 |  10940 |    272 |   1830 |   7233 |   6 | 1868.7 |
  Orcish Mines |   1510 |   1373 |    137 |      0 |   1024 |   2 |  755.0 |
        Depths |     22 |     22 |      0 |      0 |      0 |   1 |   22.0 |
      Gauntlet |   1183 |   1183 |      0 |    539 |    281 |   1 | 1183.0 |
               +--------+--------+--------+--------+--------+-----+--------+

Top non-repeatable levels by time:
  Lair:2: 3795 daAuts
    D:11: 2894 daAuts
  Lair:6: 2791 daAuts
    D:14: 2640 daAuts
     D:7: 2103 daAuts
    D:13: 1830 daAuts
  Lair:1: 1540 daAuts
     D:3: 1397 daAuts
    D:12: 1374 daAuts
  Lair:5: 1243 daAuts
Gauntlet: 1183 daAuts
     D:2: 1174 daAuts
     D:8: 1164 daAuts
     D:5: 1120 daAuts
  Lair:3: 1106 daAuts
